AoeStats
← Pablorito III

Arena

507203533Analyzed
4v4 RM · 16d ago on Sep 17, 2026· 46m 13s· 8 players
Game mode
Random Map
Map size
Large (8 player)
Population
200
Speed
Normal
Resources
Standard
Victory
Conquest
Starting age
Dark Age
Ending age
Imperial Age
RankedLock teamsTeams togetherTeam positionsShared explorationLock speedFull tech treeHidden civsTurbo modeCheats
Victory
Defeat
🇨🇴 Franks · Colombia
687
+15
🇸🇬 Huns · Singapore
668
+15
🇲🇽 Vietnamese · Mexico
650
+16
🇲🇽 Portuguese · Mexico
602
+18
🇧🇷 Chinese · Brazil
761
-21
🇨🇱 Celts · Chile
702
-18
🇵🇪 Franks · Peru
588
-13
🇨🇦 Turks · Canada
564
-12
l Son Goku l930
13:20 Feudal Age
15:59 Double-Bit Axe
19:19 Castle Age
20:11 Scale Barding Armor
20:19 Forging
22:33 Husbandry
26:50 Loom
27:38 Scale Mail Armor
33:31 Imperial Age
32:52 Gold Mining
32:53 Stone Mining
34:06 Chain Mail Armor
34:15 Cavalier
39:08 Gold Shaft Mining
39:24 Paladin
39:32 Paladin
43:03 Iron Casting
santiagocasabsalado
10:27 Feudal Age
11:02 Double-Bit Axe
11:20 Gold Mining
11:52 Horse Collar
15:04 Loom
19:15 Castle Age
18:30 Wheelbarrow
21:49 Bow Saw
21:43 Heavy Plow
22:37 Stone Mining
25:24 Padded Archer Armor
29:28 Chatras
30:46 Hand Cart
31:27 Leather Archer Armor
31:02 Fletching
33:53 Caravan
35:42 Bloodlines
35:53 Treadmill Crane
36:26 Fortified Wall
39:33 Imperial Age
36:49 Town Watch
37:19 Forging
37:40 Pikeman
38:20 Squires
39:31 Scale Barding Armor
39:22 Bodkin Arrow
40:03 Iron Casting
39:44 Heated Shot
40:15 Ballistics
39:57 Scale Mail Armor
40:58 Town Patrol
41:35 Stone Shaft Mining
42:04 Two-Man Saw
41:37 Crop Rotation
41:33 Chain Barding Armor
41:43 Ring Archer Armor
42:34 Chemistry
42:02 Elite Skirmisher
43:00 Halberdier
43:03 Imperial Skirmisher
44:21 Coinage
44:35 Paper Money
44:10 Elite Battle Elephant
46:10 Plate Barding Armor
45:35 Bracer
45:51 Chain Mail Armor
47:06 Banking
46:47 Guilds
alejandrorebolledo
10:57 Feudal Age
19:52 Castle Age
28:28 Pikeman
36:15 Double-Bit Axe
36:13 Horse Collar
41:47 Imperial Age
41:26 Heavy Plow
41:39 Bow Saw
43:37 Chemistry
44:32 Stone Mining
45:15 Crop Rotation
Soldaris
1:54 Loom
9:47 Feudal Age
10:27 Double-Bit Axe
11:19 Wheelbarrow
11:20 Horse Collar
14:59 Gold Mining
15:21 Stone Mining
20:42 Castle Age
21:36 Bow Saw
21:28 Heavy Plow
21:46 Hand Cart
22:28 Gold Shaft Mining
23:43 Caravan
32:59 Imperial Age
31:22 Pikeman
32:02 Squires
34:08 Conscription
33:48 Murder Holes
34:54 Chemistry
33:50 Fletching
37:45 Two-Man Saw
37:08 Marauders
36:29 Elite Tarkan
38:18 Ballistics
37:55 Bodkin Arrow
38:12 Forging
38:02 Scale Mail Armor
38:08 Scale Barding Armor
39:49 Iron Casting
40:02 Bloodlines
39:53 Husbandry
39:56 Bracer
41:24 Chain Barding Armor
41:20 Chain Mail Armor
43:20 Plate Barding Armor
NoobForever
0:35 Loom
10:58 Feudal Age
17:01 Castle Age
21:41 Double-Bit Axe
22:07 Horse Collar
24:35 Thumb Ring
Pablorito III
0:46 Loom
13:06 Feudal Age
15:32 Wheelbarrow
14:49 Double-Bit Axe
15:13 Horse Collar
17:26 Gold Mining
17:27 Stone Mining
20:00 Arson
19:37 Man-at-Arms
24:59 Castle Age
24:45 Scale Mail Armor
24:55 Forging
26:39 Gold Shaft Mining
26:39 Stone Shaft Mining
26:22 Hand Cart
26:21 Bow Saw
26:28 Husbandry
25:53 Elite Skirmisher
30:25 Murder Holes
30:41 Masonry
33:30 Pikeman
38:54 Heavy Plow
39:47 Treadmill Crane
MHR.MK
11:03 Feudal Age
12:52 Wheelbarrow
13:19 Double-Bit Axe
20:40 Castle Age
22:40 Scale Barding Armor
24:31 Scale Mail Armor
25:49 Husbandry
35:54 Bow Saw
38:23 Chain Barding Armor
40:19 Hand Cart
43:25 Stone Mining
43:26 Gold Mining
44:18 Squires
43:39 Pikeman
44:04 Arson
44:40 Chain Mail Armor
44:36 Forging
44:29 Padded Archer Armor
44:22 Fletching
45:36 Gold Shaft Mining
Loud Ventrilloquist
0:37 Loom
12:57 Feudal Age
13:39 Double-Bit Axe
14:20 Horse Collar
22:49 Castle Age
23:36 Heavy Plow
23:49 Bow Saw
29:50 Imperial Age
Connection lost

Rejoining the realm…

Still unreachable

The connection could not be restored.

Session expired

The server has moved on; the page needs a fresh start.